 Dungeon Crawl Stone Soup version 0.28.0 (webtiles) character file.

Game seed: 7181233104588749398

44 MortyMaxwell the Magician (level 3, 0/25 HPs)
             Began as a Djinni Venom Mage on Feb 16, 2022.
             Killed from afar by Ijyb (15 damage)
             ... with a bolt of acid
             ... on level 3 of the Dungeon.
             The game lasted 00:09:53 (1612 turns).

MortyMaxwell the Magician (Djinni Venom Mage)       Turns: 1612, Time: 00:09:54

Health: 0/25       AC:  2    Str:  7    XL:     3   Next: 85%
Gold:   133        EV: 12    Int: 18    God:
                   SH:  0    Dex: 13

rFire   + + .      SeeInvis .   c - +0 hunting sling
rCold   x . .      Faith    .   (no shield)
rNeg    . . .      Spirit   .   a - +0 robe
rPois   ∞          Reflect  .   (no helmet)
rElec   .          Harm     .   (no cloak)
rCorr   .          Rampage  .   (no gloves)
Will    .....                   (boots unavailable)
Stlth   ++........              (no amulet)
HPRegen 0.08/turn               (no ring)
MPRegen 0.00/turn               (no ring)

@: flying
A: sickness immunity, fire resistance 2, cold vulnerability 1, float, innate
caster, HP casting, extra vitality 1
a: no special abilities


You were on level 3 of the Dungeon.
You visited 1 branch of the dungeon, and saw 3 of its levels.

You collected 133 gold pieces.

Inventory:

Hand Weapons
 c - a +0 hunting sling (weapon)
Missiles
 b - 54 sling bullets (quivered ammo)
Armour
 a - a +0 robe (worn)
Scrolls
 e - a scroll of teleportation {unknown}
Potions
 d - 2 potions of ambrosia


   Skills:
 * Level 0.8 Slings
 * Level 0.3 Armour
 + Level 2.4 Dodging
 + Level 1.7 Stealth
 + Level 3.1 Spellcasting


You couldn't memorise any spells.
You knew the following spells:

 Your Spells              Type           Power      Damage    Failure   Level
a - Sting                 Tmut/Pois      56%        1d5       4%          1
b - Poisonous Vapours     Pois/Air       28%        N/A       7%          2
c - Mephitic Cloud        Conj/Pois/Air  14%        N/A       13%         3
d - Olgreb's Toxic Radia  Pois           14%        N/A       41%         4
e - Beastly Appendage     Tmut           28%        N/A       4%          1
Your spell library was empty.

Dungeon Overview and Level Annotations

Branches:
Dungeon (3/15)

Altars:

Shops:
D:1 ((   D:2 [

Annotations:
D:3 Ijyb


Innate Abilities, Weirdness & Mutations

You are immune to sickness and miasma.
You are immune to poison.
Your flesh is very heat resistant. (rF++)
You are vulnerable to cold. (rC-)
You float through the air rather than walking.
You learn spells naturally, not from books.
Your magical power is your life essence.
You have superior vitality. (+4 MHP)


Message History

The sling bullet hits Ijyb but does no damage.
Ijyb is lightly wounded.
Fire: 56 sling bullets
Press: ? - help, Q - select action, (/) - cycle Shift-Dir - straight line, f/p - Ijyb
Aim: Ijyb, wielding a +0 dagger, wearing a +0 ring mail and carrying a wand of acid (11) (lightly wounded, confused, 76% to hit)
You shoot a sling bullet.
The sling bullet hits Ijyb but does no damage.
Ijyb is lightly wounded.
Ijyb seems less confused.
Fire: 55 sling bullets
Press: ? - help, Q - select action, (/) - cycle Shift-Dir - straight line, f/p - Ijyb
Aim: Ijyb, wielding a +0 dagger, wearing a +0 ring mail and carrying a wand of acid (11) (lightly wounded, 52% to hit)
You shoot a sling bullet.
The sling bullet hits Ijyb but does no damage.
Ijyb is lightly wounded.
Casting: Mephitic Cloud (quite dangerous; 13% risk of failure)
Confirm with . or Enter, or press ? or * to list all spells.
Aiming: Poisonous Vapours (safe; 7% risk of failure)
Press: ? - help, Dir - move target, f/p - Ijyb
Aim: Ijyb, wielding a +0 dagger, wearing a +0 ring mail and carrying a wand of acid (11) (lightly wounded) Poisonous vapours surround Ijyb!
Ijyb is poisoned.
Ijyb screams, "It's all mine!"
Ijyb misses you.
Casting: Poisonous Vapours (safe; 7% risk of failure)
Confirm with . or Enter, or press ? or * to list all spells.
Aiming: Poisonous Vapours (safe; 7% risk of failure)
Press: ? - help, Dir - move target, f/p - Ijyb
Aim: Ijyb, wielding a +0 dagger, wearing a +0 ring mail and carrying a wand of acid (11) (lightly wounded, poisoned) Poisonous vapours surround Ijyb!
Ijyb looks even sicker.
Ijyb barely misses you.
Casting: Poisonous Vapours (safe; 7% risk of failure)
Confirm with . or Enter, or press ? or * to list all spells.
Aiming: Poisonous Vapours (safe; 7% risk of failure)
Press: ? - help, Dir - move target, f/p - Ijyb
Aim: Ijyb, wielding a +0 dagger, wearing a +0 ring mail and carrying a wand of acid (11) (heavily wounded, poisoned) Poisonous vapours surround Ijyb!
Ijyb looks even sicker.
Ijyb hits you with a +0 dagger.
Ijyb zaps a wand.
The bolt of acid hits you!
Ouch! That really hurt!
You die...

#.......#..####
#.####......... #
>.# ##...##### #.
#.# #...# ...
####.# #...#
#...#....#####...#
#......^.......g.#
#......<..#####..#
...#......>†...@.#
................##
..........#######
...###.#### ## #.
#. #. #.


You could see Ijyb (very poisoned).

Vanquished Creatures
  A worm (D:2)
  2 dart slugs (D:1)
  An endoplasm (D:2)
  A goblin (D:1)
  A hobgoblin (D:1)
  3 jackals (D:1)
  2 quokkas (D:1)
  10 ball pythons
  6 bats
  3 frilled lizards
  3 kobolds
  4 rats
37 creatures vanquished.

Notes
Turn   | Place    | Note
-------+----------+-------------------------------------------
     0 | D:1      | MortyMaxwell the Djinni Venom Mage began the quest for the
                  | Orb.
     0 | D:1      | Reached XP level 1. HP: 15/15 MP: 0/0
    23 | D:1      | Found Nir Patt's Antique Weapon Shop.
    95 | D:1      | Reached XP level 2. HP: 13/21 MP: 0/0
   343 | D:1      | Reached skill level 3 in Spellcasting
   347 | D:1      | Found Loxois Hepuu's Antique Weapon Boutique.
   397 | D:1      | Reached XP level 3. HP: 25/25 MP: 0/0
   397 | D:1      | Learned a level 1 spell: Beastly Appendage
  1239 | D:2      | Found Joocufu's Armour Boutique.
  1592 | D:3      | Noticed Ijyb
  1612 | D:3      | Killed from afar by Ijyb

Illustrated notes

Levels and vault maps discovered:
D:1:      dpeg_arrival_tiny_f, layout_basic, serial_shops, shop, shop,
          minmay_liquid_box, patterned_corridor
D:2:      layout_loops_ring, serial_shops, nicolae_shop_window_shopping,
          grunt_decor_fettered
D:3:      layout_loops_ring, lemuel_tele_altar, fedhas_altar_4,
          general_overflow_altar, chequers_ecumenical_altar_simple, uniq_ijyb

Skill      XL: |  1  2 |
---------------+-------+-----
Spellcasting   | 3 |  3.1
Slings         | |  0.8
Armour         | |  0.3
Dodging        | |  2.4
Stealth        | |  1.7

Action                   || total
-------------------------++-------
 Fire: Hunting sling     ||    56
 Cast: Sting             ||    21
       Poisonous Vapours ||    12
       Mephitic Cloud    ||     1
  Use: Scroll            ||     1
Armor: Robe              ||     8
Dodge: Dodged            ||    17
